 Dungeon Crawl Stone Soup version 0.32-a0-656-g3542139ebd (webtiles) character file.

Game seed: 16429625966629018446

147 ytrimaz the Shooter (level 5, -1/57 HPs)
             Began as a Coglin Hunter on Mar 8, 2024.
             Was an Initiate of Okawaru.
             Slain by Dowan
             ... wielding a +0 dagger
              (5 damage)
             ... on level 4 of the Dungeon.
             The game lasted 00:02:29 (2137 turns).

ytrimaz the Shooter (Coglin Hunter)                 Turns: 2137, Time: 00:02:30

Health: -1/57      AC: 22    Str: 11      XL:     5   Next: 29%
Magic:  5/5        EV:  2    Int:  7 (8)  God:    Okawaru [......]
Gold:   223        SH:  0    Dex: 20      Spells: 4/4 levels left

rFire   . . .        a - +2 sling {Inés}
rCold   . . .        d - +0 sling {Kammani}
rNeg    . . .        c - melded +1 leather armour
rPois   +            (helmet currently unavailable)
rElec   .            (cloak currently unavailable)
rCorr   .            (gloves currently unavailable)
SInv    .            (boots currently unavailable)
Will    +....        (no amulet)
Stlth   +            (no ring)
HPRegen 0.00/turn    (no ring)
MPRegen 0.09/turn    (no gizmo)

%: no passive effects
@: mighty, lethally poisoned (-1 -> -16), lit by a corona, tree-form,
enlightened, inhibited regen, glowing, revved
A: stationary, stasis, torment immunity, boosted hp, off-hand wielding, slow
wielding, warmup strikes, (no jewellery), deterioration 1, (electricity
resistance), inhibited regeneration, persistent drain
a: Invent Gizmo, Renounce Religion


You were on level 4 of the Dungeon.
You worshipped Okawaru.
Okawaru was noncommittal.
You were a tree.
You visited 1 branch of the dungeon, and saw 4 of its levels.

You collected 223 gold pieces.


Innate Abilities, Weirdness & Mutations

You are a tree.
Your roots penetrate the ground, keeping you stationary.
You cannot be teleported.
You are immune to unholy pain and torment.
Your maximum health is greatly increased.
Your equipment is partially melded.
You can wield a second weapon in your off-hand.
It takes a long time for you to wield or remove held weapons.
Your first few attacks do less damage.
((You cannot equip rings or amulets.))
Your body sometimes deteriorates upon taking damage.
((You are resistant to electric shocks. (rElec)))
You do not regenerate when monsters are visible.
Your health recovers twice as slowly from being drained.


   Skills:
 - Level 2.0 Fighting
 * Level 5.8 Ranged Weapons
 - Level 1.7 Dodging
 - Level 0.7 Stealth


You had 4 spell levels left.
You didn't know any spells.
Your spell library contained the following spells:

 Spells                   Type           Power      Damage    Failure   Level
 Slow                     Hex            0%         N/A       43%         1
 Blink                    Tloc           0%         N/A       56%         2
 Lesser Beckoning         Tloc           0%         N/A       56%         2
 Mercury Vapours          Alch/Air       0%         N/A       56%         2
 Momentum Strike          Conj/Tloc      0%         3d8       56%         2
 Confusing Touch          Hex            0%         N/A       80%         3
 Dazzling Flash           Conj/Hex       0%         N/A       80%         3
 Gell's Gravitas          Tloc           0%         N/A       80%         3
 Mephitic Cloud           Conj/Alch/Air  0%         N/A       80%         3
 Sigil of Binding         Hex            0%         N/A       80%         3
 Teleport Other           Tloc           0%         N/A       80%         3
 Vampiric Draining        Necr           0%         2d6       80%         3
 Volatile Blastmotes      Fire/Tloc      0%         2d10      80%         3
 Freezing Cloud           Conj/Ice/Air   0%         6-21      100%        5
 Dispersal                Tloc           0%         N/A       100%        6
 Starburst                Conj/Fire      0%         6d3       100%        6
 Maxwell's Capacitive Co  Air            0%         ∞         100%        8

Inventory:

Hand Weapons
 a - a +2 sling (weapon) {Inés}
 d - a +0 sling (offhand) {Kammani}
Armour
 c - a +1 leather armour (melded)
Wands
 l - a wand of flame (19)
   (You took it off a goblin on level 3 of the Dungeon)
Scrolls
 b - a scroll of butterflies
Potions
 e - a potion of lignification
 g - 2 potions of cancellation
 h - 2 potions of enlightenment

Dungeon Overview and Level Annotations

Branches:
Dungeon (4/15) Zot: 21818
 Temple: D:4-7

Altars:
Okawaru

Annotations:
D:1 1 transporter
D:4 Dowan, Duvessa

..( #......#
#......##......##.
##......##.........
..................
..................
#.................
#######......##ee...#
.....##......##.♣...###
.....##......##.........
........................
........................
#....##.................
#....##.................
.....##......###....####
#....##......####+###
#.....#........#


You could see Duvessa (fast) and Dowan.


Message History

You shoot a sling bullet. The sling bullet hits Dowan.
You shoot a sling bullet. The sling bullet closely misses Dowan.
Duvessa says, "Where magic fails, the sword succeeds!"
Duvessa barely misses you. Dowan closely misses you.
Fire: a) +2 sling {Inés}
Press: ? - help, Q - select action, (/) - cycle Shift-Dir - straight line, f/p - Dowan
Aim: Dowan, wielding a +0 dagger and wearing a +2 robe of fire resistance (moderately wounded, 56% to hit)
You shoot a sling bullet.
The sling bullet hits Dowan but does no damage.
You shoot a sling bullet. The sling bullet barely misses Dowan.
Dowan closely misses you.
Duvessa hits you with a +0 short sword of venom.
You are poisoned. 😕 HP[-1]
You take 1 damage, and now have 37/38 hp.
Fire: a) +2 sling {Inés}
Press: ? - help, Q - select action, (/) - cycle Shift-Dir - straight line, f - Duvessa, p - Dowan
Aim: Duvessa, wielding a +0 short sword of venom and wearing a +0 scale mail (72% to hit)
You shoot a sling bullet.
The sling bullet hits Duvessa but does no damage.
You shoot a sling bullet.
The sling bullet closely misses Duvessa.
You feel sick.
Duvessa hits you with a +0 short sword of venom!
You are more poisoned.
Dowan gestures at Duvessa while chanting.
Duvessa seems to speed up. 😮 HP[-10]
You take 10 damage, and now have 27/38 hp.
MASSIVE DAMAGE!! (PAUSE)
You turn into a tree.
Your +1 leather armour melds into your body.
Your roots penetrate the ground.
You feel very sick. Duvessa hits you but does no damage.
You are more poisoned.
Dowan casts a spell at you. The puff of flame hits you. 😮 HP[+2]
You now have 57 max hp (+19).
You regained 2 hp, and now have 29/57 hp.
Unknown command.
It was a potion of mutation.
You feel extremely strange.
You begin to recover more slowly from draining effects.
Your regeneration stops near monsters.
You feel yourself wasting away.
You feel insulated.
* * * LOW HITPOINT WARNING * * *
Your body deteriorates!
You feel dopey.
You feel very sick.
Duvessa hits you with a +0 short sword of venom.
* * * LOW HITPOINT WARNING * * *
Duvessa hits you with a +0 short sword of venom.
* * * LOW HITPOINT WARNING * * *
You are more poisoned.
Dowan hits you but does no damage. 😱 HP[-15]
You take 15 damage, and now have 14/57 hp.
MASSIVE DAMAGE!! (PAUSE) It was a potion of might.
You feel very mighty all of a sudden.
* * * LOW HITPOINT WARNING * * *
You feel very sick. Duvessa hits you but does no damage.
Dowan points at you and mumbles some strange words.
The puff of flame hits you but does no damage. 😱 HP[-6]
You take 6 damage, and now have 8/57 hp.
Unknown command.
Unknown command.
Okay, then.
You feel much better.
* * * LOW HITPOINT WARNING * * *
You feel very sick.
Duvessa hits you with a +0 short sword of venom!
* * * LOW HITPOINT WARNING * * *
Duvessa says, "When magic and the sword combine, nothing stands against them."
Duvessa hits you with a +0 short sword of venom.
* * * LOW HITPOINT WARNING * * *
Dowan hits you with a +0 dagger.
* * * LOW HITPOINT WARNING * * *
😱 HP[+1] Unknown command.
Press: ? - help, v - describe, . - travel The floor.
Unknown command.
Unknown command.
Press: ? - help, v - describe, . - travel
Here: Duvessa, wielding a +0 short sword of venom and wearing a +0 scale mail (fast)
The floor.
Unknown command.
Fire: a) +2 sling {Inés}
Press: ? - help, Q - select action, (/) - cycle Shift-Dir - straight line, f/p - Duvessa
Aim: Duvessa, wielding a +0 short sword of venom and wearing a +0 scale mail (fast, 72% to hit)
You shoot a sling bullet. The sling bullet hits Duvessa.
You shoot a sling bullet.
The sling bullet completely misses Duvessa.
* * * LOW HITPOINT WARNING * * *
You feel very sick. Duvessa hits you but does no damage.
Dowan hits you with a +0 dagger.
You die...

Skill      XL: |  1  2  3 |
---------------+----------+-----
Ranged Weapons | 4 5 |  5.8
Fighting       | |  2.0
Dodging        | |  1.7
Stealth        | |  0.7

Action                     |  1- 3 |  4- 6 || total
---------------------------+-------+-------++-------
   Fire: Sling             |   104 |   154 ||   258
    Use: Scroll            |     5 |     5 ||    10
         Potion            |       |     5 ||     5
 Armour: Leather armour    |     5 |    10 ||    15
         Skin              |       |    12 ||    12
  Dodge: Dodged            |     5 |    17 ||    22

Levels and vault maps discovered:
D:1:      spicycebolla_arrival_risky_transporter, layout_loops_ring,
          minmay_3d_cube
D:2:      layout_rooms, minmay_pentomino_v2, uniq_terence
D:3:      layout_loops_ring, mainiacjoe_overflow_24_doors, minivault_24,
          serial_bayou_lagoon_b
D:4:      layout_gridville, minmay_temple_entry_fiery, chequers_big_river,
          uniq_pikel, uniq_menkaure, uniq_duvessa, uniq_eustachio

Notes
Turn   | Place    | Note
-------+----------+-------------------------------------------
     0 | D:1      | ytrimaz the Coglin Hunter began the quest for the Orb.
     0 | D:1      | Reached XP level 1. HP: 16/16 MP: 1/1
     0 | D:1      | magus.rc [v1.9.6]
   103 | D:1      | You pick up a book of Vapours and begin reading...
   103 | D:1      | You add the spells Mercury Vapours, Mephitic Cloud and
                  | Freezing Cloud to your library.
   127 | D:1      | Reached skill level 4 in Ranged Weapons
   127 | D:1      | Reached XP level 2. HP: 22/22 MP: 2/2
   280 | D:1      | You add the spells Gell's Gravitas, Teleport Other and
                  | Dispersal to your library.
   449 | D:1      | You pick up a book of Spatial Translocations and begin
                  | reading...
   449 | D:1      | You add the spells Blink, Momentum Strike and Lesser
                  | Beckoning to your library.
   484 | D:1      | Reached XP level 3. HP: 27/27 MP: 3/3
   643 | D:1      | You pick up a book of Debilitation and begin reading...
   643 | D:1      | You add the spells Slow, Sigil of Binding, Vampiric
                  | Draining and Confusing Touch to your library.
   791 | D:2      | Noticed Terence
   796 | D:2      | Killed Terence
   797 | D:2      | Reached skill level 5 in Ranged Weapons
   797 | D:2      | Reached XP level 4. HP: 33/33 MP: 4/4
   883 | D:2      | You pick up a book of Spectacle and begin reading...
   883 | D:2      | You add the spells Volatile Blastmotes, Dazzling Flash,
                  | Starburst and Maxwell's Capacitive Coupling to your
                  | library.
  1189 | D:3      | Found an iron altar of Okawaru.
  1273 | D:3      | Became a worshipper of Warmaster Okawaru
  1984 | D:4      | Noticed a phantom
  2024 | D:4      | Reached XP level 5. HP: 28/38 MP: 5/5
  2122 | D:4      | Noticed Dowan
  2124 | D:4      | Noticed Duvessa
  2134 | D:4      | Gained mutation: Your health recovers twice as slowly from
                  | being drained. [potion of mutation]
  2134 | D:4      | Gained mutation: You do not regenerate when monsters are
                  | visible. [potion of mutation]
  2134 | D:4      | Gained mutation: Your body sometimes deteriorates upon
                  | taking damage. [potion of mutation]
  2134 | D:4      | Gained mutation: You are resistant to electric shocks.
                  | (rElec) [potion of mutation]
  2134 | D:4      | HP: 14/57 [Duvessa/+0 short sword of venom (3)]
  2137 | D:4      | HP: 4/57 [poisoned by Duvessa]
  2137 | D:4      | Slain by Dowan

Vanquished Creatures
  A bombardier beetle (D:4)
  Terence (D:2)
  A gnoll (D:1)
  3 adders
  3 orcs (D:3)
  6 ball pythons
  5 endoplasms
  2 giant cockroaches (D:3)
  6 goblins
  5 hobgoblins
  4 jackals (D:3)
  2 quokkas
  4 bats
  3 frilled lizards
  3 kobolds
  6 rats
55 creatures vanquished.

Table legend:
 A = Non-vault XP
 B = Vault XP
 C = Vault XP percentage of total XP
 D = Non-vault monster count
 E = Vault monster count
 F = Vault count percentage of total count
                 A         B        C        D         E       F
            +---------+---------+-------+---------+---------+-------
      Total |     174 |      36 |  17.1 |      50 |       5 |   9.1
            +---------+---------+-------+---------+---------+-------
        D:1 |      41 |       2 |   4.7 |      18 |       2 |  10.0
        D:2 |      28 |      34 |  54.8 |      10 |       3 |  23.1
        D:3 |      46 |       0 |   0.0 |      17 |       0 |   0.0
        D:4 |      59 |       0 |   0.0 |       5 |       0 |   0.0
            +---------+---------+-------+---------+---------+-------

Skill      XL: |  1  2  3 |
---------------+----------+-----
Ranged Weapons | 4 5 |  5.8
Fighting       | |  2.0
Dodging        | |  1.7
Stealth        | |  0.7

Action                     |  1- 3 |  4- 6 || total
---------------------------+-------+-------++-------
   Fire: Sling             |   104 |   154 ||   258
    Use: Scroll            |     5 |     5 ||    10
         Potion            |       |     5 ||     5
 Armour: Leather armour    |     5 |    10 ||    15
         Skin              |       |    12 ||    12
  Dodge: Dodged            |     5 |    17 ||    22

Illustrated notes

Table legend:
 A = Kills in this place as a percentage of kills in the entire game.
 B = Kills by you in this place as a percentage of kills by you in the entire game.
 C = Kills by friends in this place as a percentage of kills by friends in the entire game.
 D = Other kills in this place as a percentage of other kills in the entire game.
 E = Experience gained in this place as a percentage of experience gained in the entire game.
 F = Experience gained in this place divided by the number of levels of this place that you have seen.
                   A       B       C       D       E      F
               +-------+-------+-------+-------+-------+----------------------
         Total | 100.0 | 100.0 |   N/A |   N/A | 100.0 |  52.5
       Dungeon | 100.0 | 100.0 |   N/A |   N/A | 100.0 |  52.5
               +-------+-------+-------+-------+-------+----------------------

Table legend: (Time is in decaauts)
 A = Elapsed time spent in this place.
 B = Non-inter-level travel time spent in this place.
 C = Inter-level travel time spent in this place.
 D = Time resting spent in this place.
 E = Time spent auto-exploring this place.
 F = Levels seen in this place.
 G = Mean time per level.
                   A        B        C        D        E       F      G
               +--------+--------+--------+--------+--------+-----+--------+
         Total |   2180 |   2089 |     91 |    100 |   1719 |   4 |  545.0 |
       Dungeon |   2180 |   2089 |     91 |    100 |   1719 |   4 |  545.0 |
               +--------+--------+--------+--------+--------+-----+--------+

Top non-repeatable levels by time:
     D:3: 1003 daAuts
     D:1: 678 daAuts
     D:2: 367 daAuts
     D:4: 132 daAuts
